 Dungeon Crawl Stone Soup version 0.24.0-1-gfbc8707122 (webtiles) character file.

Game seed: 17173935133745353827, levelgen mode: deterministic

140 Mrkan the Chopper (level 5, 0/47 HPs)
             Began as a Hill Orc Monk on Oct 27, 2019.
             Splashed by a jelly's acid (8 damage)
             ... on level 3 of the Dungeon.
             The game lasted 00:03:01 (2067 turns).

Mrkan the Chopper (Hill Orc Monk)                   Turns: 2067, Time: 00:03:02

Health: 0/47       AC:  1    Str: 15    XL:     5   Next: 22%
Magic:  5/5        EV:  7    Int: 10    God:
Gold:   143        SH:  0    Dex: 13    Spells: 4/4 levels left

rFire    . . .     SeeInvis .   a - +0 hand axe
rCold    . . .     Gourm    .   (no shield)
rNeg     . . .     Faith    .   l - +0 chain mail
rPois    .         Spirit   .   (no helmet)
rElec    .         Reflect  .   (no cloak)
rCorr    .         Harm     .   g - +0 pair of gloves
MR       .....                  (no boots)
Stlth    ..........             (no amulet)
HPRegen  0.15/turn              (no ring)
MPRegen  0.09/turn              (no ring)

@: corroded
A: no striking features
a: no special abilities


You were on level 3 of the Dungeon.
You were not hungry.

You visited 1 branch of the dungeon, and saw 3 of its levels.

You collected 143 gold pieces.

Inventory:

Hand Weapons
 a - a +0 hand axe (weapon)
Missiles
 j - 71 stones (quivered)
Armour
 g - a +0 pair of gloves (worn)
 l - a +0 chain mail (worn)
Jewellery
 b - an uncursed ring of protection from magic {unknown}
 h - an uncursed ring of wizardry
 n - an uncursed ring of poison resistance {unknown}
Scrolls
 d - 2 scrolls of teleportation {unknown}
 e - a scroll of fear {unknown}
 i - 3 scrolls of random uselessness {unknown}
 k - a scroll of enchant weapon {unknown}
 q - a scroll of identify {unknown}
Potions
 f - a potion of mutation {unknown}
 m - 2 potions of degeneration {unknown}
 p - a potion of flight {unknown}
Comestibles
 c - 7 rations
 o - a chunk of flesh


   Skills:
 + Level 4.6 Fighting
 * Level 6.0 Axes
 + Level 3.1 Dodging
 - Level 1.5 Stealth


You had 4 spell levels left.
You didn't know any spells.
Your spell library contained the following spells:

 Spells                   Type           Power        Failure   Level  Hunger
 Summon Small Mammal      Summ           #...         100%        1    ##.....
 Call Imp                 Summ           #.......     100%        2    ###....
 Call Canine Familiar     Summ           #.......     100%        3    ####...
 Summon Guardian Golem    Hex/Summ       #.......     100%        3    ####...
 Summon Ice Beast         Ice/Summ       #.......     100%        4    #####..
 Summon Lightning Spire   Summ/Air       #.......     100%        4    #####..


Dungeon Overview and Level Annotations

Branches:
Dungeon (3/15)

Altars:
Ru


Message History

The jelly hits you but does no damage.
You hit the jelly but do no damage.
Your hands burn!
The jelly is moderately wounded.
The jelly hits you. The acid corrodes you!
You are splashed with acid!
You barely miss the jelly.
The jelly is moderately wounded.
An orc comes into view. It is wielding a +0 flail.
The jelly hits you.
You are splashed with acid!
The orc shouts!
You hit the jelly.
Your hands burn!
The jelly is heavily wounded.
You hear a shout! x2
The jelly hits you. The acid corrodes you!
You are splashed with acid!
* * * LOW HITPOINT WARNING * * *
You hear an angry hiss.
There is a stone staircase leading up here.
The jelly hits you.
* * * LOW HITPOINT WARNING * * *
You are splashed with acid!
You die...

##..# #.#
##...# #.#
##..).####.#
#...†......#
#.>.....#.#####
###.#..##.#
#.#.###.# #.#.#
#J# . ..# #@#
#.#.# #.# ....
#.# ##.##
##...##
#.###.....#####
########
#..............
>.......
#####.....#####
########
##...## #


You could see a jelly.

Vanquished Creatures
  A centaur zombie (D:3)
  A hound (D:3)
  An adder (D:3)
  An ooze (D:2)
  A worm (D:2)
  3 dart slugs
  3 orcs (D:3)
  A ball python (D:2)
  4 bats
  A giant cockroach (D:2)
  6 goblins
  11 hobgoblins
  2 jackals (D:2)
  2 quokkas
  3 frilled lizards
  6 kobolds
  3 rats
50 creatures vanquished.

Notes
Turn   | Place    | Note
-------+----------+-------------------------------------------
     0 | D:1      | Mrkan the Hill Orc Monk began the quest for the Orb.
     0 | D:1      | Reached XP level 1. HP: 19/19 MP: 1/1
   184 | D:1      | Reached XP level 2. HP: 27/27 MP: 2/2
   759 | D:2      | Reached XP level 3. HP: 33/33 MP: 3/3
  1024 | D:2      | Reached skill level 5 in Axes
  1185 | D:2      | Found a sacrificial altar of Ru.
  1581 | D:3      | Reached XP level 4. HP: 37/40 MP: 4/4
  1611 | D:3      | Reached XP level 5. HP: 19/47 MP: 5/5
  1858 | D:3      | Reached skill level 6 in Axes
  2067 | D:3      | Splashed by a jelly's acid

Levels and vault maps discovered:
D:1:      saegor_arrival_under_anarchy, layout_loops_ring, serial_bayou_pond_a,
          fountainhead, moated_statue
D:2:      layout_basic, first_ration, nicolae_ru_great_annihilating_truth
D:3:      layout_loops_ring, kennysheep_pointless_box

Skill      XL: |  1  2  3  4  5 |
---------------+----------------+-----
Fighting       | 4 |  4.6
Axes           | 5 6 |  6.0
Dodging        | 3 |  3.1
Stealth        | |  1.5

Action                   |  1- 3 |  4- 6 || total
-------------------------+-------+-------++-------
Melee: Hand axe          |   150 |    67 ||   217
 Stab: Paralysed         |     2 |       ||     2
       Invisible         |     1 |       ||     1
  Eat: Chunk             |     2 |     2 ||     4
Armor: Ring mail         |    28 |       ||    28
       Robe              |     8 |       ||     8
       Chain mail        |    30 |    34 ||    64
Dodge: Dodged            |    84 |    21 ||   105
